 Dungeon Crawl Stone Soup version 0.30.0-10-gfe55d96785 (webtiles) character file.

Game seed: 2142812344759546197

1881 qw the Cleaver (level 9, -7/55 HPs)
             Began as a Gargoyle Cinder Acolyte on May 15, 2023.
             Was a Follower of Ignis.
             Killed from afar by a balrug (18 damage)
             ... with a fireball
             ... on level 1 of the Abyss on May 16, 2023.
             The game lasted 00:02:24 (5711 turns).

qw the Cleaver (Gargoyle Cinder Acolyte)            Turns: 5711, Time: 00:02:25

Health: -7/55      AC: 28    Str: 21    XL:     9   Next: 14%
Magic:  10/10      EV:  8    Int: 16    God:    Ignis [*.....]
Gold:   69         SH:  0    Dex:  5    Spells: 10/10 levels left

rFire   + . .        Y - +0 war axe
rCold   . . .        (no shield)
rNeg    + . .        g - +0 chain mail
rPois   inf          j - +0 helmet
rElec   +            (no cloak)
rCorr   .            e - +2 pair of gloves
SInv    +            (no boots)
Will    +....        (no amulet) Stlth
                     l - ring of willpower
HPRegen 0.29/turn    d - ring of see invisible
MPRegen 0.12/turn

%: no passive effects
@: fiery-armoured
A: sickness immunity, AC +6, negative energy resistance 1, electricity
resistance, torment resistance 1, petrification resistance
a: Renounce Religion, Fiery Armour, Foxfire Swarm, Rising Flame


You were on level 1 of the Abyss.
You worshipped Ignis.
Ignis was aware of your devotion.
You visited 1 branch of the dungeon, and saw 6 of its levels.
You visited the Abyss 1 time.

You collected 241 gold pieces.
You spent 172 gold pieces at shops.


Innate Abilities, Weirdness & Mutations

You are immune to sickness and miasma.
Your stone body is resilient. (AC +6)
You are immune to poison.
You resist negative energy. (rN+)
You are resistant to electric shocks. (rElec)
You are resistant to unholy torment.
You are immune to petrification.


   Skills:
 - Level 6.1 Fighting
 + Level 8.3 Axes
 - Level 1.7 Throwing
 - Level 6.2 Armour
 - Level 1.0 Spellcasting
 - Level 3.0 Fire Magic


You had 10 spell levels left.
You didn't know any spells.
Your spell library contained the following spells:

 Spells                   Type           Power      Damage    Failure   Level
 Scorch                   Fire           20%        2d6       52%         2

Inventory:

Hand Weapons
 f - a +0 hand axe of flaming
 Y - a +0 war axe (weapon)
Armour
 e - a +2 pair of gloves (worn)
 g - a +0 chain mail (worn)
 j - a +0 helmet (worn)
Jewellery
 d - a ring of see invisible (right hand)
 l - a ring of willpower (left hand)
Scrolls
 a - 2 scrolls of identify
Potions
 b - 4 potions of curing
 c - 3 potions of mutation
 i - 2 potions of resistance
 k - a potion of cancellation
 n - a potion of haste

Dungeon Overview and Level Annotations

Branches:
Dungeon (6/15)             Temple (0/1) D:5

Altars:
Ru
Wu Jian

Shops:
D:3 ((   D:4 ?   D:5 =


Message History

This branch contains the abyssal rune of Zot.
Waypoint 6 assigned to Abyss:1.
You start resting.
A sun demon comes into view.
5695 ||| Stepping ~*~*~tactically~*~*~ (stealth).
You start resting.
A balrug comes into view.
It is wielding a +0 vampiric demon whip.
5704 ||| Stepping ~*~*~tactically~*~*~ (stealth).
The balrug shouts!
The sun demon shouts!
The balrug gestures at you. The sticky flame misses you.
A sun demon comes into view.
The sun demon shouts!
You hear a shout!
The balrug gestures at you. Something smites you!
You closely miss the sun demon.
The sun demon hits you but does no damage.
The sun demon hits you!
You are engulfed in flames.
You resist.
A sun demon comes into view.
5709 ||| DRINKING potion of heal wounds.
You feel much better. The balrug gestures at you. The sticky flame hits you.
You resist.
You are covered in liquid flames!
The sun demon hits you but does no damage.
The sun demon completely resists.
You slash the balrug!
The balrug is lightly wounded.
You closely miss the sun demon.
You are covered in liquid flames!
You are no longer on fire.
The sun demon hits you!
You are engulfed in flames!
You resist. The balrug hits you but does no damage.
You hit the balrug but do no damage.
The balrug is lightly wounded.
You barely miss the sun demon. You slash the sun demon!
The balrug gestures at you.
The fireball explodes!
The fireball engulfs you!! You resist.
You die...

#.... ....# #...#
#...# ##...# ..
######....#
........##33.##...
..........@2..3...
. ..#......###...
.... #.####.# . .
#.. ... . ..#.
.#... . ... .
.....# .# #. ..
... .. .....#


You could see a balrug and 3 sun demons.

Vanquished Creatures
  Pikel (D:5)
  Eustachio (D:5)
  A water moccasin (D:5)
  2 ogres (D:5)
  2 lemures (D:5)
  A kobold brigand (D:6)
  A gnoll sergeant (D:6)
  4 scorpions
  4 wights
  An orc priest (D:6)
  A hound (D:5)
  2 jellies (D:6)
  Natasha (thrice) (D:2)
  2 iguanas (D:5)
  Terence (D:2)
  6 gnolls (D:6)
  7 adders
  2 ufetubi
  3 dart slugs
  3 orcs
  6 endoplasms
  A giant cockroach (D:4)
  9 goblins
  5 hobgoblins
  3 jackals (D:1)
  4 quokkas
  8 ball pythons
  4 bats
  4 frilled lizards
  5 kobolds
  13 rats
110 creatures vanquished.

Notes
Turn   | Place    | Note
-------+----------+-------------------------------------------
     0 | D:1      | qw the Gargoyle Cinder Acolyte began the quest for the Orb.
     0 | D:1      | Reached XP level 1. HP: 14/14 MP: 2/2
     0 | D:1      | 0 ||| qw: Version: 0.2-a-94-g6f95ed7
     0 | D:1      | 0 ||| qw: Game counter: 32
     0 | D:1      | 0 ||| qw: Always use a shield: true
     0 | D:1      | 0 ||| qw: God list: Okawaru
     0 | D:1      | 0 ||| qw: Allow faded altars: false
     0 | D:1      | 0 ||| qw: Do Orc after D:15 true
     0 | D:1      | 0 ||| qw: Do second Lair branch before Depths: true
     0 | D:1      | 0 ||| qw: Lair rune preference: random
     0 | D:1      | 0 ||| qw: Plans: Normal
     0 | D:1      | 0 ||| PLANNING D:1-11
   228 | D:1      | 228 ||| Stepping ~*~*~tactically~*~*~ (stealth).
   237 | D:1      | Reached skill level 3 in Axes
   238 | D:1      | 238 ||| INVOKING Fiery Armour.
   241 | D:1      | Reached XP level 2. HP: 11/19 MP: 3/3
   730 | D:1      | Reached XP level 3. HP: 22/23 MP: 4/4
  1006 | D:1      | 1006 ||| UPGRADING to +0 ring mail.
  1016 | D:1      | 1016 ||| DROPPING +0 robe.
  1017 | D:1      | 1017 ||| UPGRADING to ring of willpower.
  1018 | D:1      | 1018 ||| READING 3 scrolls labelled JIB DIEKHAIC.
  1019 | D:1      | 1019 ||| READING scroll labelled NIWNUB KUIS.
  1020 | D:1      | 1020 ||| READING scroll labelled GIUFOUSYG.
  1024 | D:1      | 1024 ||| DRINKING 2 green potions.
  1025 | D:1      | 1025 ||| READING 2 scrolls of identify.
  1025 | D:1      | 1025 ||| IDENTIFYING fizzy silvery potion
  1103 | D:2      | Reached skill level 4 in Axes
  1261 | D:2      | Noticed Natasha
  1271 | D:2      | 1271 ||| INVOKING Fiery Armour.
  1274 | D:2      | Killed Natasha
  1275 | D:2      | Reached XP level 4. HP: 8/28 MP: 5/5
  1372 | D:2      | Noticed Natasha
  1373 | D:2      | 1373 ||| Stepping ~*~*~tactically~*~*~ (stealth).
  1375 | D:2      | 1375 ||| Stepping ~*~*~tactically~*~*~ (hiding).
  1383 | D:2      | Killed Natasha
  1619 | D:2      | 1619 ||| Stepping ~*~*~tactically~*~*~ (hiding).
  1621 | D:2      | 1621 ||| Stepping ~*~*~tactically~*~*~ (hiding).
  1622 | D:2      | Noticed Natasha
  1630 | D:2      | 1630 ||| INVOKING Fiery Armour.
  1630 | D:2      | Killed Natasha
  1631 | D:2      | Reached XP level 5. HP: 13/32 MP: 6/6
  1844 | D:2      | Noticed Terence
  1860 | D:2      | 1860 ||| INVOKING Fiery Armour.
  1865 | D:2      | Killed Terence
  1866 | D:2      | Reached skill level 5 in Axes
  2107 | D:2      | 2107 ||| UPGRADING to +0 chain mail.
  2117 | D:2      | 2117 ||| DROPPING +0 ring mail.
  2118 | D:2      | 2118 ||| UPGRADING to ring of see invisible.
  2119 | D:2      | 2119 ||| READING scroll labelled MUXTUT WELO.
  2120 | D:2      | 2120 ||| READING scroll labelled VIOLAT LYFEYG.
  2121 | D:2      | 2121 ||| DRINKING 2 silvery potions.
  2122 | D:2      | 2122 ||| READING 3 scrolls of identify.
  2122 | D:2      | 2122 ||| IDENTIFYING orange potion
  2123 | D:2      | 2123 ||| READING 2 scrolls of identify.
  2123 | D:2      | 2123 ||| IDENTIFYING lumpy dark potion
  2124 | D:2      | 2124 ||| DROPPING potion of ambrosia.
  2125 | D:2      | 2125 ||| DROPPING potion of attraction.
  2283 | D:3      | Identified the +0 leather armour "Atesiper" {Rampage rF-
                  | Will+}
  2439 | D:3      | Found Boekiojeul's Antique Weapon Shoppe.
  2459 | D:3      | Reached XP level 6. HP: 33/39 MP: 7/7
  2484 | D:3      | 2484 ||| SHOPLISTING glowing war axe (143 gold, have 101).
  2484 | D:3      | 2484 ||| BUYING war axe (77 gold).
  2484 | D:3      | Bought a war axe for 77 gold pieces
  2484 | D:3      | 2484 ||| SWAPPING to +0 war axe.
  2536 | D:3      | Found Lausoq's Antique Weapon Shop.
  2597 | D:3      | Reached skill level 1 in Throwing
  2680 | D:3      | 2680 ||| UPGRADING to +0 pair of gloves.
  2685 | D:3      | 2685 ||| READING scroll labelled YXKUCU MEGU.
  2686 | D:3      | 2686 ||| READING 3 scrolls of identify.
  2686 | D:3      | 2686 ||| IDENTIFYING bubbling golden potion
  2687 | D:3      | 2687 ||| DROPPING potion of lignification.
  2857 | D:4      | 2857 ||| Stepping ~*~*~tactically~*~*~ (stealth).
  2858 | D:4      | 2858 ||| Stepping ~*~*~tactically~*~*~ (stealth).
  2860 | D:4      | 2860 ||| Stepping ~*~*~tactically~*~*~ (hiding).
  2916 | D:4      | 2916 ||| Stepping ~*~*~tactically~*~*~ (stealth).
  3269 | D:4      | 3269 ||| Stepping ~*~*~tactically~*~*~ (stealth).
  3289 | D:4      | Found an ornate altar of the Wu Jian Council.
  3298 | D:4      | Found a sacrificial altar of Ru.
  3356 | D:4      | 3356 ||| Stepping ~*~*~tactically~*~*~ (hiding).
  3423 | D:4      | Found Loff's Magic Scroll Emporium.
  3426 | D:4      | 3426 ||| BUYING scroll of enchant armour (75 gold).
  3426 | D:4      | Bought a scroll of enchant armour for 75 gold pieces
  3426 | D:4      | 3426 ||| SHOPLISTING scroll of enchant weapon (75 gold,
                  | have 29).
  3426 | D:4      | 3426 ||| BUYING scroll of identify (20 gold).
  3426 | D:4      | Bought a scroll of identify for 20 gold pieces
  3426 | D:4      | 3426 ||| SHOPLISTING scroll of identify (20 gold, have 9).
  3426 | D:4      | 3426 ||| READING scroll of enchant armour.
  3426 | D:4      | 3426 ||| ENCHANTING +0 pair of gloves.
  3634 | D:4      | 3634 ||| UPGRADING to +0 helmet.
  3639 | D:4      | 3639 ||| READING scroll labelled JOEV MOYRU.
  3640 | D:4      | 3640 ||| READING scroll labelled REIRUZU RUREWI.
  3641 | D:4      | 3641 ||| READING 4 scrolls of identify.
  3641 | D:4      | 3641 ||| IDENTIFYING lumpy yellow potion
  3642 | D:4      | 3642 ||| READING 3 scrolls of identify.
  3642 | D:4      | 3642 ||| IDENTIFYING fizzy green potion
  3643 | D:4      | 3643 ||| DROPPING potion of magic.
  3659 | D:5      | Entered Level 5 of the Dungeon
  3668 | D:5      | 3668 ||| Stepping ~*~*~tactically~*~*~ (stealth).
  3670 | D:5      | 3670 ||| Stepping ~*~*~tactically~*~*~ (stealth).
  3672 | D:5      | Noticed Pikel
  3687 | D:5      | 3687 ||| INVOKING Fiery Armour.
  3691 | D:5      | Killed Pikel
  3692 | D:5      | Reached skill level 6 in Armour
  3692 | D:5      | Reached XP level 7. HP: 16/44 MP: 8/8
  3884 | D:5      | HP: 8/44 [ogre/+0 giant spiked club (20)]
  3885 | D:5      | 3885 ||| DRINKING 2 potions of heal wounds.
  3888 | D:5      | Reached XP level 8. HP: 30/48 MP: 9/9
  3999 | D:5      | 3999 ||| READING scroll of enchant armour.
  3999 | D:5      | 3999 ||| ENCHANTING +1 pair of gloves.
  4031 | D:5      | Noticed Eustachio
  4042 | D:5      | 4042 ||| INVOKING Fiery Armour.
  4053 | D:5      | 4053 ||| Stepping ~*~*~tactically~*~*~ (stealth).
  4062 | D:5      | Killed Eustachio
  4063 | D:5      | Reached skill level 6 in Axes
  4297 | D:5      | Found a staircase to the Ecumenical Temple.
  4318 | D:5      | 4318 ||| INVOKING Fiery Armour.
  4321 | D:5      | Reached skill level 7 in Axes
  4583 | D:5      | 4583 ||| Stepping ~*~*~tactically~*~*~ (hiding).
  4586 | D:5      | 4586 ||| Stepping ~*~*~tactically~*~*~ (hiding).
  4988 | D:5      | Found Igucsaf's Jewellery Shoppe.
  4995 | D:5      | 4995 ||| SHOPLISTING +4 ring of slaying (1092 gold, have
                  | 55).
  4995 | D:5      | 4995 ||| SHOPLISTING ring "Qutriecw" {rF+ Str+7 Stlth-}
                  | (634 gold, have 55).
  5300 | D:5      | 5300 ||| DRINKING 2 coppery potions.
  5301 | D:5      | 5301 ||| READING 3 scrolls of identify.
  5301 | D:5      | 5301 ||| IDENTIFYING cyan potion
  5348 | D:6      | 5348 ||| INVOKING Fiery Armour.
  5353 | D:6      | Reached skill level 8 in Axes
  5454 | D:6      | 5454 ||| Stepping ~*~*~tactically~*~*~ (hiding).
  5455 | D:6      | 5455 ||| Stepping ~*~*~tactically~*~*~ (hiding).
  5472 | D:6      | 5472 ||| INVOKING Fiery Armour.
  5480 | D:6      | Reached XP level 9. HP: 20/55 MP: 10/10
  5641 | D:6      | 5641 ||| INVOKING Fiery Armour.
  5644 | D:6      | Reached skill level 6 in Fighting
  5651 | D:6      | 5651 ||| Stepping ~*~*~tactically~*~*~ (hiding).
  5655 | D:6      | 5655 ||| Stepping ~*~*~tactically~*~*~ (hiding).
  5668 | Abyss:1  | Cast into level 1 of the Abyss (gnoll)
  5694 | Abyss:1  | Noticed a sun demon
  5695 | Abyss:1  | 5695 ||| Stepping ~*~*~tactically~*~*~ (stealth).
  5703 | Abyss:1  | Noticed a balrug
  5704 | Abyss:1  | 5704 ||| Stepping ~*~*~tactically~*~*~ (stealth).
  5706 | Abyss:1  | Noticed a sun demon
  5708 | Abyss:1  | HP: 10/55 [sun demon[a balrug] (5)]
  5708 | Abyss:1  | Noticed a sun demon
  5709 | Abyss:1  | 5709 ||| DRINKING potion of heal wounds.
  5711 | Abyss:1  | Killed from afar by a balrug

Levels and vault maps discovered:
D:1:      erik_arrival_orb_chamber, layout_basic, minmay_rat_gold_closets
D:2:      layout_basic, uniq_natasha, uniq_terence
D:3:      layout_rooms, serial_shops, nicolae_lakefront_shop, shop
D:4:      layout_loops_ring, mainiacjoe_overflow_swirl, serial_shops,
          nicolae_shop_behind_doors, kennysheep_cross_bottleneck,
          minmay_manual_mail
D:5:      layout_layer_cave, minmay_temple_entry_antechambers, serial_shops,
          shop, uniq_pikel, uniq_eustachio
D:6:      layout_basic
Abyss:1:  base:
D:4

Skill      XL: |  1  2  3  4  5  6  7  8  9 |
---------------+----------------------------+-----
Axes           | 3 4 5 8 |  8.3
Armour         | 2 6 |  6.2
Fighting       | 4 5 6 |  6.1
Throwing       | 1 |  1.7
Spellcasting   | |  1.0
Fire Magic     | |  3.0

Action                     |  1- 3 |  4- 6 |  7- 9 || total
---------------------------+-------+-------+-------++-------
  Melee: Hand axe          |    97 |    69 |       ||   166
         Punch             |     2 |     2 |     1 ||     5
         War axe           |       |    81 |   138 ||   219
  Throw: Javelin           |       |    42 |    12 ||    54
 Invoke: Fiery Armour      |     2 |     3 |     5 ||    10
    Use: Scroll            |     4 |    11 |     2 ||    17
         Potion            |     1 |     1 |     3 ||     5
 Armour: Robe              |    20 |       |       ||    20
         Ring mail         |    14 |    19 |       ||    33
         Chain mail        |       |    88 |   136 ||   224
  Dodge: Dodged            |    49 |    67 |    67 ||   183

Table legend:
 A = Non-vault XP
 B = Vault XP
 C = Vault XP percentage of total XP
 D = Non-vault monster count
 E = Vault monster count
 F = Vault count percentage of total count
                 A         B        C        D         E       F
            +---------+---------+-------+---------+---------+-------
      Total |    1720 |     968 |  36.0 |      93 |      15 |  13.9
            +---------+---------+-------+---------+---------+-------
        D:1 |      30 |       8 |  21.1 |      16 |       8 |  33.3
        D:2 |     123 |      73 |  37.2 |      20 |       2 |   9.1
        D:3 |     114 |       0 |   0.0 |      14 |       0 |   0.0
        D:4 |      31 |      73 |  70.2 |      10 |       3 |  23.1
        D:5 |     770 |     814 |  51.4 |      13 |       2 |  13.3
        D:6 |     652 |       0 |   0.0 |      20 |       0 |   0.0
            +---------+---------+-------+---------+---------+-------
